 Dungeon Crawl Stone Soup version 0.26.0-10-g1f06aea511 (webtiles) character file.

Game seed: 12573665038273330415

269 inc the Chiller (level 6, 0/24 HPs)
             Began as a Felid Ice Elementalist on Feb 2, 2021.
             Slain by a human zombie (1 damage)
             ... in an ossuary.
             The game lasted 00:13:55 (6435 turns).

inc the Chiller (Felid Ice Elementalist)            Turns: 6435, Time: 00:13:56

Health: 0/24       AC:  9    Str:  4    XL:     6   Next: 1%
Magic:  0/11       EV: 18    Int: 20    God:
Gold:   172        SH:  0    Dex: 17    Spells: 3/10 levels left
                                        Lives:  0   Deaths: 1

rFire    . . .     SeeInvis +   (weapon unavailable)
rCold    . . .     Faith    .   (shield unavailable)
rNeg     . . .     Spirit   +   (armour unavailable)
rPois    .         Reflect  .   (helmet unavailable)
rElec    .         Harm     .   (cloak unavailable)
rCorr    .         Rampage  .   (gloves unavailable)
Will     .....     Clarity  +   (boots unavailable)
Stlth    +++.......             n - amulet of guardian spirit
HPRegen  0.08/turn              (no ring)
MPRegen  0.12/turn              (no ring)

@: icy armour, quick
A: very small, no armour, no weapons or thrown items, stealth, claws 1, fangs 3,
see invisible, clarity, clever 1, speed 1, shaggy fur 2, sharp paws
a: no special abilities


You were in an ossuary.
You visited 1 branch of the dungeon, and saw 5 of its levels.
You also visited: Ossuary.

You collected 172 gold pieces.

Inventory:

Jewellery
 n - an amulet of guardian spirit (around neck)
Wands
 k - a wand of disintegration (12)
 p - a wand of random effects (15)
Scrolls
 a - 5 scrolls of identify {unknown}
 b - a scroll of enchant weapon {unknown}
 c - a scroll of teleportation {unknown}
 g - 2 scrolls of random uselessness {unknown}
 h - a scroll of fog {unknown}
 j - 2 scrolls of magic mapping {unknown}
 l - a scroll of remove curse {unknown}
 q - a scroll of noise {unknown}
Potions
 f - a potion of haste


   Skills:
 - Level 2.6 Dodging
 - Level 2.6 Stealth
 + Level 2.9 Spellcasting
 - Level 7.1 Ice Magic


You had 3 spell levels left.
You knew the following spells:

 Your Spells              Type           Power        Failure   Level
a - Freeze                Ice            100%         1%          1
b - Frozen Ramparts       Ice            62%          2%          3
c - Ozocubu's Armour      Ice            31%          2%          3

Your spell library contained the following spells:

 Spells                   Type           Power        Failure   Level
 Hailstorm                Conj/Ice       17%          32%         4
 Summon Ice Beast         Ice/Summ       17%          32%         4


Dungeon Overview and Level Annotations

Branches:
Dungeon (5/15)            Ossuary (1/1)
 Temple: D:4-7

Altars:
Dithmenos
Wu Jian
Xom
Zin

Shops:
D:4 ?


Innate Abilities, Weirdness & Mutations

You cannot wear armour.
You are incapable of wielding weapons or throwing items.
Your paws allow you to move quietly. (Stealth)
You have sharp claws.
You have razor-sharp teeth.
You have supernaturally acute eyesight. (SInv)
You cover ground quickly.
You are covered in thick fur. (AC +2)
Your sharp claws are effective at attacking unaware monsters.
You possess an exceptional clarity of mind.
Your mind is acute. (Int +2)


Message History

The human zombie completely misses you.
You barely miss the human zombie.
The human zombie is heavily damaged.
The human zombie barely misses you.
You scratch the human zombie.
The human zombie is severely damaged.
The human zombie hits you but does no damage.
You scratch the human zombie.
The human zombie is severely damaged.
You scratch the human zombie but do no damage.
The human zombie is severely damaged.
The human zombie completely misses you.
You barely miss the human zombie.
The human zombie is severely damaged.
The human zombie hits you.
* * * LOW HITPOINT WARNING * * *
You scratch the human zombie.
The human zombie is severely damaged.
The human zombie hits you.
You die...

#........8..8........#
#......Z.............#
#...######..######...#
#...#....#Z.# #...#
#...#.#..#..# #Z..#
#...#.####..####.#.Z.#
#...#....÷.......#...#
#..Z#.####.......#...#
#...#.#@.#.......#...#
#..Z#.Z..#.......#.Z.#
#...######.∩.....#..Z#
#...# ....'####ZZ.#
#...# #...#. #...#
#.ZM# #...#.. #..Z#
#...##############...#
#......Z.ZZ..Z.......#
#.......Z.∩∩....Z....#


You could see a human zombie.

Vanquished Creatures
  A centaur zombie (Ossuary)
  A human zombie (Ossuary)
  Ijyb (D:4)
  Jessica (D:2)
  2 orc wizards (D:4)
  A worker ant (D:4)
  A hound skeleton (D:5)
  10 adders
  3 gnolls (D:3)
  A shadow imp (D:5)
  An adder zombie (Ossuary)
  A worm (D:4)
  An adder skeleton (D:4)
  3 dart slugs
  4 leopard geckos
  6 orcs
  2 ball pythons
  4 giant cockroaches
  10 goblins
  8 hobgoblins
  4 jackals (D:3)
  10 bats
  3 frilled lizards (D:2)
  10 hobgoblin zombies (Ossuary)
  2 jackal zombies (Ossuary)
  7 kobolds
  5 kobold zombies (Ossuary)
  7 orc zombies (Ossuary)
  A quokka skeleton (D:4)
  8 rats
119 creatures vanquished.

Notes
Turn   | Place    | Note
-------+----------+-------------------------------------------
     0 | D:1      | inc the Felid Ice Elementalist began the quest for the Orb.
     0 | D:1      | Reached XP level 1. HP: 7/7 MP: 4/4
   265 | D:1      | Reached skill level 4 in Ice Magic
   266 | D:1      | Reached XP level 2. HP: 9/11 MP: 1/6
   848 | D:1      | Reached XP level 3. HP: 14/14 MP: 7/7
  1692 | D:2      | Reached skill level 5 in Ice Magic
  1742 | D:2      | Reached XP level 4. HP: 18/18 MP: 2/8
  2117 | D:2      | Noticed Jessica
  2315 | D:2      | Killed Jessica
  2696 | D:3      | Reached XP level 5. HP: 21/21 MP: 5/9
  2956 | D:3      | Found a shadowy altar of Dithmenos.
  3031 | D:3      | Reached skill level 6 in Ice Magic
  3624 | D:3      | Found a glowing silver altar of Zin.
  4161 | D:4      | Gained mutation: You are covered in thick fur. (AC +2)
                  | [Felid growth]
  4161 | D:4      | Reached XP level 6. HP: 19/24 MP: 5/10
  4359 | D:4      | Learned a level 3 spell: Frozen Ramparts
  4495 | D:4      | Found an ornate altar of the Wu Jian Council.
  4585 | D:4      | Found a shimmering altar of Xom.
  4585 | D:4      | Found a shimmering altar of Xom.
  4587 | D:4      | Found a shimmering altar of Xom.
  4587 | D:4      | Found a shimmering altar of Xom.
  4587 | D:4      | Found a shimmering altar of Xom.
  4592 | D:4      | Noticed Ijyb
  4599 | D:4      | Killed Ijyb
  4600 | D:4      | Reached skill level 7 in Ice Magic
  4722 | D:4      | Identified the +9 spear "Mieprash" {antimagic, rN+ Str+4
                  | Dex+2}
  5061 | D:4      | Found Qeuf's Magic Scroll Shoppe.
  5065 | D:5      | Entered Level 5 of the Dungeon
  5299 | D:5      | Found a sand-covered staircase.
  5420 | Ossuary  | Entered an ossuary
  5598 | Ossuary  | Learned a level 3 spell: Ozocubu's Armour
  5867 | Ossuary  | Gained mutation: Your mind is acute. (Int +2) [potion of
                  | mutation]
  5867 | Ossuary  | Gained mutation: You possess an exceptional clarity of
                  | mind. [potion of mutation]
  5868 | Ossuary  | Slain by a mummy
  5869 | Ossuary  | Reached XP level 5. HP: -4/21 MP: 0/9
  6330 | Ossuary  | Reached XP level 6. HP: 3/24 MP: 1/11
  6425 | Ossuary  | HP: 1/24 [human zombie (4)]
  6434 | Ossuary  | HP: 1/24 [human zombie (1)]
  6435 | Ossuary  | Slain by a human zombie

Illustrated notes

Levels and vault maps discovered:
D:1:      saegor_arrival_simple_c, layout_basic, minmay_tripent
D:2:      layout_basic, nrook_uturn, uniq_jessica
D:3:      layout_rooms, lemuel_crystal_altar, overflow_temple_1_default
D:4:      layout_basic, old_standard_altar, xom_redecorated, st_stairs_13,
          minmay_misc_feat_five, minmay_shop_grid_forest, uniq_ijyb
D:5:      layout_gridville, lightli_ossuary_entry_decrepit_ruins
Ossuary:  ossuary_tomb_1

Skill      XL: |  1  2  3  4  5  6 |
---------------+-------------------+-----
Ice Magic      | 4 5 6 7 |  7.1
Dodging        | |  2.6
Stealth        | |  2.6
Spellcasting   | |  2.9

Action                   |  1- 3 |  4- 6 || total
-------------------------+-------+-------++-------
Melee: Unarmed           |    20 |   321 ||   341
       Bite              |       |    43 ||    43
 Cast: Freeze            |    48 |    90 ||   138
       Ozocubu's Armour  |       |    12 ||    12
       Frozen Ramparts   |       |    11 ||    11
  Use: Potion            |       |    10 ||    10
 Stab: Sleeping          |     8 |     4 ||    12
Armor: Skin              |     1 |    58 ||    59
Dodge: Dodged            |    37 |   323 ||   360
